[Event "Titled Tuesday Blitz May 9 Early 2023"]
[White "Smith, Shreyas"]
[Black "Fan_Of_Chucky"]
[WhiteFideId "7400713"]
[WhiteElo "2151"]
[BlackElo "2393"]
[Result "0-1"]
[Round "08"]
[TimeControl "180+2"]
[Date "2023.05.09"]
[WhiteClock "0:00:00"]
[BlackClock "0:00:13"]

1. e4 c5 2. Nf3 Nc6 3. Bb5 Nd4 4. Nxd4 cxd4 5. O-O a6 6. Be2 e5 7. c3 Bc5 8. b4 Ba7 9. Ba3 Ne7 10. d3 dxc3 11. Nxc3 Bd4 12. Bb2 d5 13. Rb1 dxe4 14. dxe4 O-O 15. Nd5 Nxd5 16. exd5 Qxd5 17. Bf3 e4 18. Bxe4 Bxf2+ 19. Rxf2 Qxe4 20. Re2 Qg6 21. Re3 Bf5 22. Rc1 Rfd8 23. Qf3 Re8 24. Rce1 Rxe3 25. Rxe3 Rd8 26. Qe2 Be6 27. Rf3 Bg4 28. Qe7 Rd1+ 29. Rf1 Rxf1+ 30. Kxf1 Qf5+ 31. Kg1 Qb1+ 32. Kf2 Qxb2+ 33. Kg3 h5 34. Qe8+ Kh7 35. Qe4+ g6 36. Qf4 Qc3+ 37. Kh4 Qg7 38. h3 g5+ 39. Qxg5 Qxg5+ 40. Kxg5 Be6 41. g4 hxg4 42. hxg4 Bxa2 43. Kf6 Kh6 44. g5+ Kh5 0-1


[Site "https://www.chess.com"]

[Event "Titled Tuesday Blitz May 9 Early 2023"]
[White "Martic, Ivan"]
[Black "Zampronha, Wladimir Camilo"]
[WhiteFideId "929301"]
[BlackFideId "2103087"]
[WhiteElo "2360"]
[BlackElo "2176"]
[Result "1-0"]
[Round "08"]
[TimeControl "180+2"]
[Date "2023.05.09"]
[WhiteClock "0:00:13"]
[BlackClock "0:00:00"]

1. d4 Nf6 2. Bg5 Ne4 3. Bf4 c5 4. f3 Qa5+ 5. c3 Nf6 6. d5 e6 7. e4 exd5 8. exd5 d6 9. Na3 Qd8 10. Nc4 Be7 11. a4 O-O 12. Ne2 b6 13. Kf2 Bb7 14. Ne3 Nbd7 15. c4 Re8 16. g4 Nf8 17. Nf5 Ng6 18. Bg3 Bf8 19. Nc3 Bc8 20. Ne3 Qe7 21. Qd2 Bd7 22. h3 Qd8 23. Be2 a6 24. h4 Bc8 25. h5 Ne7 26. g5 Nd7 27. Bxd6 Bb7 28. Bg3 Nc8 29. Ne4 Ne5 30. b3 Bd6 31. Nf5 Bb8 32. Rag1 Kh8 33. h6 g6 34. Ng7 Re7 35. Nf6 Nd6 36. Qb2 Nc8 37. f4 Nd7 38. Nge8 Rxe2+ 39. Kxe2 Nxf6 40. Nxf6 Qe7+ 41. Kf2 Nd6 42. Re1 Qf8 43. Nd7+ 1-0


[Site "https://www.chess.com"]

[Event "Titled Tuesday Blitz May 9 Early 2023"]
[White "Vivas Zamora, Fabian Ernesto"]
[Black "Zaichenko, Daria"]
[WhiteFideId "3902480"]
[BlackFideId "4197453"]
[WhiteElo "2244"]
[BlackElo "2039"]
[Result "1-0"]
[Round "08"]
[TimeControl "180+2"]
[Date "2023.05.09"]
[WhiteClock "0:00:01"]
[BlackClock "0:00:00"]

1. e4 c5 2. Nf3 Nc6 3. Bb5 g6 4. O-O Bg7 5. c3 Nf6 6. Re1 O-O 7. h3 d5 8. e5 Nd7 9. d4 cxd4 10. cxd4 Qb6 11. Nc3 e6 12. Bf4 a6 13. Bxc6 bxc6 14. Na4 Qb5 15. Rc1 Bb7 16. b3 Rac8 17. Nc5 Nxc5 18. Rxc5 Qb6 19. Qd2 Qd8 20. Bg5 Qd7 21. Bf6 Rfe8 22. Bxg7 Kxg7 23. Qf4 Qe7 24. Rec1 Rf8 25. h4 h6 26. Re1 Rce8 27. Re3 f6 28. exf6+ Rxf6 29. Qe5 Kh7 30. Ng5+ Kg8 31. Nh3 Rf5 32. Qg3 Kh7 33. Nf4 Qf6 34. Rf3 g5 35. hxg5 Rxg5 36. Qh3 Reg8 37. Nxe6 Rxg2+ 38. Kf1 Qg6 39. Nf4 Qb1+ 40. Ke2 Re8+ 41. Kd2 1-0


[Site "https://www.chess.com"]

[Event "Titled Tuesday Blitz May 9 Early 2023"]
[White "Antonio, Jorge Carlos"]
[Black "Luberanski, Jakub"]
[WhiteFideId "113190"]
[BlackFideId "21830509"]
[WhiteElo "2247"]
[BlackElo "2255"]
[Result "1/2-1/2"]
[Round "08"]
[TimeControl "180+2"]
[Date "2023.05.09"]
[WhiteClock "0:00:32"]
[BlackClock "0:00:07"]

1. d4 Nf6 2. Nf3 e6 3. Bf4 d5 4. e3 Be7 5. Bd3 O-O 6. c3 c5 7. Ne5 Nbd7 8. Nd2 Nxe5 9. dxe5 Nd7 10. Nf3 f6 11. exf6 Bxf6 12. Bc2 Qe7 13. Qd3 g6 14. h4 c4 15. Qd2 Nb6 16. Ng5 e5 17. Bg3 Bxg5 18. hxg5 Bf5 19. O-O-O Bxc2 20. Qxc2 Qxg5 21. a4 a5 22. Kb1 Qf5 23. e4 Qxe4 24. Qxe4 dxe4 25. Rhe1 Rad8 26. Rxd8 Rxd8 27. Rxe4 Rd2 28. Rxe5 Nxa4 29. Rxa5 Rxb2+ 30. Ka1 Rb3 31. Rxa4 Rxc3 32. Rb4 Rc2 33. Rxb7 h5 34. Kb1 Re2 35. Rc7 Re4 36. Kc2 h4 37. Bd6 Re2+ 38. Kc3 Rxf2 39. Be7 Rxg2 40. Bxh4 g5 41. Bxg5 Rxg5 42. Kxc4 1/2-1/2


[Site "https://www.chess.com"]

[Event "Titled Tuesday Blitz May 9 Early 2023"]
[White "Melikhov, Evgeny V."]
[Black "Rosenberg, Evan S"]
[WhiteFideId "4122046"]
[BlackFideId "2019299"]
[WhiteElo "2158"]
[BlackElo "2259"]
[Result "0-1"]
[Round "08"]
[TimeControl "180+2"]
[Date "2023.05.09"]
[WhiteClock "0:00:01"]
[BlackClock "0:00:07"]

1. d4 d5 2. c4 e6 3. Nc3 c5 4. cxd5 cxd4 5. Qa4+ Bd7 6. Qxd4 exd5 7. Qxd5 Nf6 8. Qd1 Bc5 9. e3 O-O 10. Nf3 Qe7 11. Be2 Rd8 12. Qc2 Nc6 13. a3 Rac8 14. O-O Ne5 15. Nxe5 Qxe5 16. Bf3 Bc6 17. Qe2 Bd6 18. g3 h5 19. Bxc6 Rxc6 20. Qb5 Qe7 21. e4 h4 22. Bg5 Rc5 23. Bxf6 Qxf6 24. Qe2 Be5 25. Rad1 Bxc3 26. Rxd8+ Qxd8 27. bxc3 Rxc3 28. Rd1 Qg5 29. f4 Qc5+ 30. Kg2 Rc2 31. Rd2 Rc1 32. e5 g6 33. Qg4 Qg1+ 34. Kh3 hxg3 35. Qxg3 Qf1+ 36. Kh4 Kg7 37. Kg5 Qa6 38. Rd6 Qe2 39. Qg4 Rg1 40. Qxg1 Qh5# 0-1


[Site "https://www.chess.com"]

[Event "Titled Tuesday Blitz May 9 Early 2023"]
[White "Chemin, Justo Reinaldo"]
[Black "Michelle Catherina, P"]
[WhiteFideId "2101580"]
[BlackFideId "5005736"]
[WhiteElo "1940"]
[BlackElo "2049"]
[Result "1-0"]
[Round "08"]
[TimeControl "180+2"]
[Date "2023.05.09"]
[WhiteClock "0:00:30"]
[BlackClock "0:00:00"]

1. e4 e5 2. Nf3 Nc6 3. Bb5 a6 4. Ba4 Nf6 5. d3 b5 6. Bb3 Bc5 7. c3 O-O 8. Nbd2 d5 9. exd5 Nxd5 10. Ne4 Be7 11. Qe2 Kh8 12. h3 Na5 13. Bc2 f6 14. Ng3 c5 15. O-O Nc6 16. Bd2 Bd6 17. d4 Nde7 18. dxe5 fxe5 19. Rad1 Qe8 20. Be3 Bc7 21. Bxc5 Bf5 22. Nxf5 Rxf5 23. Bxf5 Nxf5 24. Qe4 Nfe7 25. Bxe7 Nxe7 26. Ng5 1-0


[Site "https://www.chess.com"]

[Event "Titled Tuesday Blitz May 9 Early 2023"]
[White "Makhmudov, Shukhrat"]
[Black "Fabris, Alberto"]
[WhiteFideId "14200775"]
[BlackFideId "801348"]
[WhiteElo "2135"]
[BlackElo "2175"]
[Result "1-0"]
[Round "08"]
[TimeControl "180+2"]
[Date "2023.05.09"]
[WhiteClock "0:00:52"]
[BlackClock "0:00:00"]

1. e4 c5 2. Nf3 d6 3. d4 cxd4 4. Nxd4 Nf6 5. Nc3 a6 6. h3 e6 7. g4 Be7 8. h4 h6 9. Bg2 Qc7 10. g5 hxg5 11. hxg5 Rxh1+ 12. Bxh1 Ng8 13. Qh5 Nc6 14. Be3 Bd7 15. O-O-O Ne5 16. f4 Nc4 17. Bf2 Rc8 18. Rd3 b5 19. f5 Kf8 20. fxe6 Bxe6 21. Nxe6+ fxe6 22. Rf3+ Bf6 23. Bd4 b4 24. gxf6 Ne5 25. fxg7+ Kxg7 26. Qg5+ 1-0


[Site "https://www.chess.com"]

[Event "Titled Tuesday Blitz May 9 Early 2023"]
[White "micke12a"]
[Black "Srdanovic, Jovana"]
[BlackFideId "954810"]
[WhiteElo "2376"]
[BlackElo "2169"]
[Result "1-0"]
[Round "08"]
[TimeControl "180+2"]
[Date "2023.05.09"]
[WhiteClock "0:01:32"]
[BlackClock "0:00:00"]

1. e4 c6 2. d4 d5 3. e5 Na6 4. c3 Nc7 5. Nf3 Bg4 6. h3 Bh5 7. Bd3 e6 8. O-O Qd7 9. Nbd2 a6 10. b4 Bg6 11. Nb3 Nb5 12. Bb2 Bxd3 13. Qxd3 Nh6 14. a4 Nc7 15. Ne1 Be7 16. Qe2 O-O 17. Nd3 b6 18. a5 b5 19. Nbc5 Bxc5 20. Nxc5 Qe7 21. Bc1 Nf5 22. Kh2 f6 23. exf6 gxf6 24. Re1 Rae8 25. Bf4 Rf7 26. Kh1 Nd6 27. Qf3 Rg7 28. Re2 Nf5 29. Qh5 Rc8 30. Bxc7 1-0


[Site "https://www.chess.com"]

[Event "Titled Tuesday Blitz May 9 Early 2023"]
[White "Winkels, Marcel"]
[Black "Sharma, Dinesh K."]
[WhiteFideId "1003887"]
[BlackFideId "5004110"]
[WhiteElo "1900"]
[BlackElo "2334"]
[Result "0-1"]
[Round "08"]
[TimeControl "180+2"]
[Date "2023.05.09"]
[WhiteClock "0:00:37"]
[BlackClock "0:02:05"]

1. d4 Nf6 2. Nc3 g6 3. e4 d6 4. f4 Bg7 5. Nf3 O-O 6. Be2 c5 7. dxc5 Qa5 8. O-O Qxc5+ 9. Kh1 Bg4 10. Bd3 Nc6 11. Qe1 Bxf3 12. Rxf3 a6 13. Be3 Qa5 14. a3 Rfc8 15. f5 Ne5 16. Rh3 Neg4 17. Bd2 Qb6 18. Rf3 Qxb2 19. Rb1 Qxa3 20. Rxb7 Rab8 21. Rxb8 Rxb8 22. Rf1 Ne5 23. fxg6 hxg6 24. Qe2 Rc8 25. Nd5 Nxd5 26. exd5 Nxd3 27. cxd3 Bf6 28. h3 Qb2 29. Qf2 Rc2 30. Rc1 Rxc1+ 0-1


[Site "https://www.chess.com"]

[Event "Titled Tuesday Blitz May 9 Early 2023"]
[White "Begunov, Konstantin"]
[Black "Jiganchine, Roman"]
[WhiteFideId "4118510"]
[BlackFideId "2603667"]
[WhiteElo "2050"]
[BlackElo "2265"]
[Result "1-0"]
[Round "08"]
[TimeControl "180+2"]
[Date "2023.05.09"]
[WhiteClock "0:00:18"]
[BlackClock "0:00:00"]

1. d4 d5 2. c4 e6 3. cxd5 exd5 4. Nc3 c6 5. Nf3 Bf5 6. Bg5 Qb6 7. Qd2 Nd7 8. e3 Ngf6 9. Be2 Bd6 10. O-O O-O 11. Bh4 Rfe8 12. Rfc1 Ne4 13. Nxe4 Bxe4 14. a3 a5 15. Bg3 Bxg3 16. hxg3 Qd8 17. b4 axb4 18. axb4 Qf6 19. Rxa8 Rxa8 20. b5 Qh6 21. bxc6 bxc6 22. Qb4 Ra2 23. Qb7 Nf8 24. Rxc6 Ra1+ 25. Bf1 g6 26. Ne5 Qg7 27. Rc7 Qf6 28. Rxf7 Qe6 29. Rg7+ Kh8 30. Re7 1-0


[Site "https://www.chess.com"]

[Event "Titled Tuesday Blitz May 9 Early 2023"]
[White "Abrosimov, Vladimir"]
[Black "Zavortink, Matt"]
[WhiteFideId "4166892"]
[BlackFideId "2034263"]
[WhiteElo "2336"]
[BlackElo "2453"]
[Result "0-1"]
[Round "08"]
[TimeControl "180+2"]
[Date "2023.05.09"]
[WhiteClock "0:01:19"]
[BlackClock "0:00:48"]

1. c4 Nf6 2. Nc3 g6 3. g3 Bg7 4. Bg2 O-O 5. d3 c5 6. e4 d6 7. Nge2 Nc6 8. O-O Rb8 9. f4 Bg4 10. h3 Bxe2 11. Nxe2 Ne8 12. a4 Nc7 13. Nc3 a6 14. f5 b5 15. axb5 axb5 16. g4 bxc4 17. dxc4 Nd4 18. Kh1 Nb3 19. Rb1 Nxc1 20. Qxc1 Rb4 21. Nd5 Nxd5 22. exd5 Qb6 23. Rf2 Bd4 24. Re2 Bf6 25. g5 Be5 26. Rf2 gxf5 27. Rxf5 Rxb2 28. Qxb2 Bxb2 0-1


[Site "https://www.chess.com"]

[Event "Titled Tuesday Blitz May 9 Early 2023"]
[White "Hirneise, Jens"]
[Black "Sarkar, Justin"]
[WhiteFideId "24614734"]
[BlackFideId "2010011"]
[WhiteElo "2345"]
[BlackElo "2168"]
[Result "0-1"]
[Round "08"]
[TimeControl "180+2"]
[Date "2023.05.09"]
[WhiteClock "0:00:00"]
[BlackClock "0:00:08"]

1. Nf3 b5 2. e4 Bb7 3. Bxb5 Bxe4 4. O-O Nf6 5. Nc3 Bb7 6. d4 e6 7. Re1 Bb4 8. Bg5 h6 9. Bh4 O-O 10. Bd3 Be7 11. Bg3 Nh5 12. Ne4 Nxg3 13. Nxg3 c5 14. dxc5 Bxc5 15. Qe2 d5 16. Rad1 Qb6 17. c3 Nd7 18. b4 Be7 19. Nf5 Bf6 20. N5d4 a5 21. a3 e5 22. Nf5 e4 23. Bb1 exf3 24. Qd3 g6 25. Qxf3 Ne5 26. Qg3 Rfe8 27. h4 Kf8 28. Nxh6 Bg7 29. Qf4 Qf6 30. Qd2 Nc4 31. Qc1 Qxh4 32. Nxf7 Kxf7 33. Qc2 Rxe1+ 34. Rxe1 Qf6 35. Qd3 Re8 36. Rd1 Ne5 37. Qb5 Bc6 0-1


[Site "https://www.chess.com"]

[Event "Titled Tuesday Blitz May 9 Early 2023"]
[White "Tsyhanchuk, Stanislav"]
[Black "KorolDimitriy75"]
[WhiteFideId "13505130"]
[WhiteElo "2173"]
[BlackElo "2438"]
[Result "0-1"]
[Round "08"]
[TimeControl "180+2"]
[Date "2023.05.09"]
[WhiteClock "0:00:13"]
[BlackClock "0:00:11"]

1. a3 c5 2. Nf3 g6 3. e3 Bg7 4. d4 Nf6 5. d5 O-O 6. c4 b5 7. cxb5 a6 8. a4 d6 9. Nc3 Qa5 10. Bd2 axb5 11. Bxb5 Ba6 12. O-O Nbd7 13. e4 Rfb8 14. Re1 Bxb5 15. Nxb5 Qb6 16. Bc3 Ne8 17. e5 Nc7 18. Nxc7 Qxc7 19. e6 fxe6 20. dxe6 Nf6 21. a5 Qb7 22. Qe2 Ra6 23. Nd2 d5 24. Be5 Rba8 25. b4 Qxb4 26. Reb1 Qg4 27. Qb5 Qxe6 28. Bg3 c4 29. Nf3 h6 30. Nd4 Qf7 31. Be5 Ne4 32. Bxg7 Kxg7 33. Qb2 Qf6 34. Ne6+ Rxe6 35. Qxf6+ Kxf6 36. f3 Nc5 37. Rb5 Rc6 38. Rab1 e6 39. Kf2 Nb3 40. Ke2 Rxa5 41. R1xb3 Rxb5 42. Rxb5 d4 43. Kd2 e5 44. Rb1 c3+ 45. Kc2 Ra6 46. Kd3 Ra2 47. Rb6+ Kf5 48. g4+ Kg5 49. h3 Rd2+ 50. Ke4 c2 51. h4+ Kxh4 52. Rxg6 c1=Q 53. Rxh6+ Kg3 54. g5 Qc2+ 55. Kxe5 Rh2 56. g6 Rxh6 57. g7 Rh5+ 58. Kxd4 Qg6 59. g8=Q Qxg8 60. f4 Qd8+ 61. Ke3 Rf5 62. Ke2 Rxf4 63. Ke1 Qe7+ 64. Kd1 Qe5 65. Kc1 Rd4 66. Kb1 Qc5 67. Ka1 Rb4 68. Ka2 Qa5# 0-1


[Site "https://www.chess.com"]

[Event "Titled Tuesday Blitz May 9 Early 2023"]
[White "Clawitter, Craig"]
[Black "Topalov, Aleksandar"]
[WhiteFideId "2023105"]
[BlackFideId "925659"]
[WhiteElo "2242"]
[BlackElo "2151"]
[Result "0-1"]
[Round "08"]
[TimeControl "180+2"]
[Date "2023.05.09"]
[WhiteClock "0:00:00"]
[BlackClock "0:00:33"]

1. e4 e6 2. d4 d5 3. e5 Ne7 4. Nf3 Qd7 5. Bd3 b6 6. O-O Ba6 7. a4 Bxd3 8. Qxd3 Nbc6 9. c3 Nf5 10. b4 Be7 11. a5 O-O 12. Nbd2 f6 13. Nb3 fxe5 14. dxe5 Qe8 15. b5 Nxa5 16. Nxa5 bxa5 17. Rxa5 Bc5 18. Nd4 Bb6 19. Ra6 Qg6 20. Ba3 Rf7 21. Nxf5 Rxf5 22. c4 dxc4 23. Qxc4 Rd8 24. Qe4 Rxf2 25. Rxf2 Qxe4 0-1


[Site "https://www.chess.com"]

[Event "Titled Tuesday Blitz May 9 Early 2023"]
[White "Harriott, Tyrell"]
[Black "Botez, Alexandra"]
[WhiteFideId "2086484"]
[BlackFideId "2603365"]
[WhiteElo "2107"]
[BlackElo "2040"]
[Result "1-0"]
[Round "08"]
[TimeControl "180+2"]
[Date "2023.05.09"]
[WhiteClock "0:00:58"]
[BlackClock "0:00:00"]

1. d4 c5 2. e3 cxd4 3. exd4 d5 4. f4 Nf6 5. Bd3 Nc6 6. c3 Bg4 7. Ne2 e6 8. Nd2 Bd6 9. O-O Qc7 10. Nf3 Ne4 11. Bxe4 dxe4 12. Ng5 Bf5 13. Ng3 O-O-O 14. N5xe4 Be7 15. Qe2 Bg6 16. f5 exf5 17. Nxf5 Bxf5 18. Rxf5 Rhf8 19. Rf1 f5 20. Ng3 Bd6 21. Qf3 g6 22. Bf4 Rde8 23. Bh6 Rf7 24. Bg5 Na5 25. b3 Rff8 26. c4 Nc6 27. Be3 Bxg3 28. hxg3 Re4 29. Rad1 Rfe8 30. Bf2 Qd7 31. Qc3 Nd8 32. d5 Nf7 33. Bxa7 Ng5 34. Qb4 Re2 35. Qc5+ Qc7 36. Qxc7+ Kxc7 37. d6+ Kd7 38. Rf2 Re1+ 39. Rxe1 Rxe1+ 40. Rf1 Rxf1+ 41. Kxf1 Kxd6 42. Bf2 h5 43. Ke2 Ne4 44. Be1 Kc6 45. Kd3 Nc5+ 46. Kd4 Ne4 47. Ke5 Nc5 48. Kf6 Nd3 49. Bc3 f4 50. Kxg6 fxg3 51. Kxh5 Nf4+ 52. Kg4 Nxg2 53. Bd2 1-0


[Site "https://www.chess.com"]

[Event "Titled Tuesday Blitz May 9 Early 2023"]
[White "Llanos, Guillermo"]
[Black "Ramirez, Maria Eugenia"]
[WhiteFideId "100358"]
[BlackFideId "3301680"]
[WhiteElo "2225"]
[BlackElo "1842"]
[Result "0-1"]
[Round "08"]
[TimeControl "180+2"]
[Date "2023.05.09"]
[WhiteClock "0:01:03"]
[BlackClock "0:01:20"]

1. Nf3 Nf6 2. g3 e6 3. Bg2 d5 4. O-O Be7 5. c4 c6 6. b3 O-O 7. Bb2 dxc4 8. bxc4 Qb6 9. Qc1 Nbd7 10. d4 Ne4 11. Nc3 Ndf6 12. Nxe4 Nxe4 13. Rd1 Qc7 14. e3 b6 15. Ne5 f5 16. a4 Bb7 17. a5 Bf6 18. a6 Bc8 19. f3 Bxe5 20. dxe5 Nc5 21. Rd6 Bxa6 22. Bd4 Nb3 23. Qb2 Nxa1 24. Qxa1 Bxc4 25. f4 Bd5 26. Bxd5 cxd5 27. Rxe6 Rac8 28. Kg2 Qc2+ 29. Kh3 Qe2 30. Qa4 Rc2 0-1


[Site "https://www.chess.com"]

[Event "Titled Tuesday Blitz May 9 Early 2023"]
[White "Quirke, Jeffrey"]
[Black "Korpics, Zsolt"]
[WhiteFideId "2013029"]
[BlackFideId "705241"]
[WhiteElo "2211"]
[BlackElo "2340"]
[Result "0-1"]
[Round "08"]
[TimeControl "180+2"]
[Date "2023.05.09"]
[WhiteClock "0:00:00"]
[BlackClock "0:00:04"]

1. e4 c5 2. Nc3 Nc6 3. f4 g6 4. Nf3 Bg7 5. a4 e6 6. e5 d5 7. d4 cxd4 8. Nb5 Bf8 9. Nbxd4 a6 10. Bd3 Bc5 11. c3 Nge7 12. Be3 Nxd4 13. Nxd4 O-O 14. O-O Bd7 15. b4 Ba7 16. a5 Rc8 17. Qd2 Nc6 18. Kh1 Bxd4 19. Bxd4 Nxd4 20. cxd4 Qe7 21. Rfc1 Rxc1+ 22. Rxc1 Rc8 23. Rc5 Rxc5 24. bxc5 Bc6 25. g3 Kf8 26. Kg1 Ke8 27. Qb4 Kd7 28. Qb6 Qd8 29. Qxd8+ Kxd8 30. g4 Bb5 31. Bc2 Kc7 32. Kf2 Kc6 33. Kg3 Bc4 34. Ba4+ Bb5 35. Bc2 Bc4 36. Kh4 h6 37. f5 exf5 38. gxf5 gxf5 39. Bxf5 Be2 40. Bh7 Kb5 41. Bg8 Kxa5 42. Bxf7 Bb5 43. e6 Kb4 44. e7 a5 45. e8=Q Bxe8 46. Bxe8 a4 47. Bf7 Kc4 48. Bg6 a3 49. Bb1 Kxd4 50. Kh5 Kc3 51. Kxh6 Kb2 0-1


[Site "https://www.chess.com"]

[Event "Titled Tuesday Blitz May 9 Early 2023"]
[White "Martin Alvarez, Inigo"]
[Black "Tarnowska, Aleksandra"]
[WhiteFideId "2259354"]
[BlackFideId "1180967"]
[WhiteElo "2330"]
[BlackElo "1776"]
[Result "1/2-1/2"]
[Round "08"]
[TimeControl "180+2"]
[Date "2023.05.09"]
[WhiteClock "0:00:24"]
[BlackClock "0:00:06"]

1. d4 d5 2. Bf4 Nf6 3. e3 c5 4. c3 Nc6 5. Nf3 Bg4 6. Nbd2 e6 7. Qb3 Qb6 8. Be2 c4 9. Qc2 Bf5 10. Qc1 a5 11. Nh4 Bg6 12. Nxg6 hxg6 13. f3 Nh5 14. Bg5 Ng3 15. Rg1 Nxe2 16. Kxe2 Rxh2 17. Nf1 Rh5 18. Bf4 Be7 19. Ng3 Rh8 20. e4 f6 21. exd5 exd5 22. Qc2 Kf7 23. Rh1 g5 24. Bxg5 Rxh1 25. Rxh1 Re8 26. Be3 Bd6 27. Nf5 Bf4 28. Kf2 Bxe3+ 29. Nxe3 Ne7 30. g4 Qe6 31. Re1 Qd6 32. Kg2 Rh8 33. Rh1 Rxh1 34. Kxh1 Qf4 35. Qe2 b6 36. Kg2 g6 37. Nf1 Qc1 38. Ng3 g5 39. Nf5 Nxf5 40. gxf5 Qb1 41. Qe6+ Kg7 42. Qe7+ Kg8 43. Qe8+ Kg7 44. Qg6+ Kf8 45. Qxf6+ Ke8 46. Qg6+ Kd7 47. Qxb6 Qxf5 48. Qb5+ Ke7 49. Qc5+ Kd7 50. Qa7+ Kd6 51. Qa6+ Kd7 52. Qxa5 Qc2+ 53. Kg3 Qxb2 54. Qxd5+ Ke7 55. Qxg5+ Kf8 56. Qc5+ Kf7 57. Qxc4+ Kg6 58. Qc6+ Kg5 59. f4+ Kf5 60. Qd5+ Kg6 61. f5+ Kg5 62. Qf3 Kf6 63. a4 Qc1 64. a5 Qg5+ 65. Kf2 Qd2+ 66. Kf1 Qc1+ 67. Ke2 Qc2+ 68. Ke3 Qxc3+ 69. Kf4 Qxd4+ 70. Kg3 Qe5+ 71. Qf4 Qxa5 72. Qh6+ Kf7 73. Qg6+ Kf8 74. f6 Qc3+ 75. Kg4 Qd4+ 76. Kg5 Qg1+ 77. Kh6 Qxg6+ 78. Kxg6 Kg8 79. Kf5 Kf7 80. Ke5 Kf8 81. Kd6 Kf7 82. Ke5 Kf8 83. Kf4 Kf7 84. Kg5 Kf8 85. Kg6 Kg8 86. f7+ Kf8 87. Kf6 1/2-1/2


[Site "https://www.chess.com"]

[Event "Titled Tuesday Blitz May 9 Early 2023"]
[White "Todorovic, Bojan"]
[Black "petr577"]
[WhiteFideId "917087"]
[WhiteElo "2266"]
[BlackElo "2192"]
[Result "0-1"]
[Round "08"]
[TimeControl "180+2"]
[Date "2023.05.09"]
[WhiteClock "0:00:00"]
[BlackClock "0:00:02"]

1. d4 Nf6 2. c4 e5 3. dxe5 Ng4 4. Bf4 g5 5. Bg3 Nc6 6. h4 Ngxe5 7. hxg5 Qxg5 8. e3 Bb4+ 9. Nc3 d6 10. Bd3 Bxc3+ 11. bxc3 Be6 12. Nf3 Nxd3+ 13. Qxd3 Qc5 14. Rb1 O-O-O 15. Rh4 Bf5 16. e4 Be6 17. Nd2 Ne5 18. Qd4 Qxd4 19. cxd4 Nxc4 20. d5 Nxd2 21. Kxd2 Bd7 22. Rbh1 Rde8 23. f3 f5 24. Rxh7 Rxh7 25. Rxh7 Rg8 26. Bh4 fxe4 27. fxe4 Rxg2+ 28. Ke3 b6 29. Rh8+ Kb7 30. Rh7 Ba4 31. e5 dxe5 32. d6 Rc2 33. d7 Bxd7 34. Rxd7 Rxa2 35. Bg3 Ra3+ 36. Kf2 Kc6 37. Re7 a5 38. Bxe5 a4 39. Rxc7+ Kb5 40. Ra7 Rd3 41. Ke2 Rd5 42. Bf6 Kb4 43. Ke3 b5 44. Ke4 Rd1 45. Bd4 Kb3 46. Bc5 b4 47. Rb7 Re1+ 48. Kd5 a3 49. Rxb4+ Ka2 50. Bd4 Rb1 51. Ra4 Rb3 52. Kc4 Rh3 53. Ra8 Kb1 54. Bc3 a2 55. Rb8+ Kc1 56. Ra8 Kb1 57. Bd4 Kc1 58. Ra7 Rh2 59. Kd3 Rc2 60. Bc3 Kb1 61. Rb7+ Kc1 62. Ra7 Rg2 0-1


[Site "https://www.chess.com"]

[Event "Titled Tuesday Blitz May 9 Early 2023"]
[White "Parizek, Vojtech"]
[Black "Manon-og, Ramon Jr."]
[WhiteFideId "360996"]
[BlackFideId "5200776"]
[WhiteElo "2115"]
[BlackElo "2317"]
[Result "1-0"]
[Round "08"]
[TimeControl "180+2"]
[Date "2023.05.09"]
[WhiteClock "0:00:18"]
[BlackClock "0:00:10"]

1. e4 c5 2. Nf3 d6 3. d4 cxd4 4. Nxd4 Nf6 5. Nc3 a6 6. Bg5 e6 7. f4 Nbd7 8. Qf3 Be7 9. O-O-O Qc7 10. g4 b5 11. Bxf6 Nxf6 12. g5 Nd7 13. f5 Bxg5+ 14. Kb1 O-O 15. Qg3 Bh6 16. fxe6 Nf6 17. exf7+ Rxf7 18. Bh3 Nh5 19. Qh4 Bxh3 20. Qxh3 Nf4 21. Qg4 b4 22. Nf5 Rxf5 23. exf5 bxc3 24. Qf3 Rb8 25. b3 a5 26. Rhe1 a4 27. Re3 axb3 28. axb3 Rxb3+ 29. cxb3 c2+ 30. Kb2 cxd1=Q 31. Qxd1 g6 32. f6 Qf7 33. Qxd6 Nd5 34. Qd8+ Bf8 35. Rf3 g5 36. Rf5 h6 37. Rxd5 Kh7 38. Rd7 Qxd7 39. Qxd7+ 1-0


[Site "https://www.chess.com"]

[Event "Titled Tuesday Blitz May 9 Early 2023"]
[White "De Souza, Cristiano Gomes"]
[Black "Van Baar, Esper"]
[WhiteFideId "2151758"]
[BlackFideId "1049321"]
[WhiteElo "2068"]
[BlackElo "2162"]
[Result "1-0"]
[Round "08"]
[TimeControl "180+2"]
[Date "2023.05.09"]
[WhiteClock "0:00:12"]
[BlackClock "0:00:00"]

1. d4 d5 2. c4 e6 3. Nf3 Nf6 4. Nc3 Bb4 5. Bg5 O-O 6. e3 h6 7. Bxf6 Qxf6 8. Rc1 Nc6 9. Be2 dxc4 10. Bxc4 Bd6 11. O-O e5 12. Ne4 Qe7 13. Nxd6 cxd6 14. dxe5 dxe5 15. Bd5 Bd7 16. Qb3 Rab8 17. Rfd1 Rfd8 18. e4 Be8 19. Bxc6 Bxc6 20. Qe3 a6 21. b3 f6 22. Nh4 Qb4 23. Re1 Qd4 24. Nf5 Qxe3 25. Rxe3 Kf7 26. Rg3 Rg8 27. f3 Rbd8 28. Rc2 h5 29. h4 g6 30. Nh6+ Kg7 31. Nxg8 Rxg8 32. Rd2 Kf7 33. Kf2 a5 34. Rh3 Ke6 35. Ke3 a4 36. Rh1 axb3 37. axb3 Ra8 38. Rc1 Ra3 39. Rc3 f5 40. exf5+ gxf5 41. g3 Ra5 42. Rdc2 Ra3 43. Rd2 Ra1 44. Kf2 Rh1 45. Rcd3 Rh2+ 46. Ke3 Rh3 47. Rd6+ Ke7 48. Kf2 f4 49. gxf4 Rxf3+ 50. Ke1 Rxf4 51. Rh6 Rxh4 52. Rh7+ Ke6 53. Rh6+ Kf5 54. Rf2+ Ke4 55. Re6 Bb5 56. Rf7 Rh2 57. Rxb7 Bd3 58. Rbe7 Re2+ 59. Kd1 Kf4 60. Rf6+ 1-0


[Site "https://www.chess.com"]

[Event "Titled Tuesday Blitz May 9 Early 2023"]
[White "Cramling Bellon, Anna"]
[Black "Carrasco Miranda, Andres"]
[WhiteFideId "32009232"]
[BlackFideId "3405990"]
[WhiteElo "1976"]
[BlackElo "2183"]
[Result "1/2-1/2"]
[Round "08"]
[TimeControl "180+2"]
[Date "2023.05.09"]
[WhiteClock "0:00:04"]
[BlackClock "0:00:11"]

1. e3 c5 2. d3 g6 3. Ne2 Bg7 4. Ng3 Nc6 5. Nd2 d5 6. Nb3 e5 7. Be2 Nge7 8. O-O b6 9. e4 d4 10. a4 h5 11. h4 Be6 12. f4 exf4 13. Bxf4 Be5 14. Qd2 Qd6 15. a5 Rb8 16. axb6 axb6 17. Ra6 Bxf4 18. Qxf4 Qxf4 19. Rxf4 Nb4 20. Ra7 Nxc2 21. Nd2 Ne3 22. Nf3 Nc6 23. Rc7 Rc8 24. Rfxf7 Bxf7 25. Rxc8+ Nd8 26. Ne5 O-O 27. Nd7 Re8 28. Nf6+ Kf8 29. Nxe8 Kxe8 30. Ra8 b5 31. e5 c4 32. Ne4 c3 33. bxc3 dxc3 34. Nxc3 b4 35. Nb5 b3 36. Nd6+ Ke7 37. Rb8 Nc6 38. Rb7+ Ke6 39. Nxf7 Nd5 40. Ng5+ Kxe5 41. Rb5 Kd4 42. Nf3+ Kc3 43. Rxd5 b2 44. Rb5 Nb4 45. Rxb4 Kxb4 46. Nd2 Kc3 47. Nb1+ Kc2 48. Na3+ Kb3 49. Nb1 Kc2 50. Na3+ Kb3 51. Nb1 Kc2 1/2-1/2


[Site "https://www.chess.com"]

[Event "Titled Tuesday Blitz May 9 Early 2023"]
[White "Dinu, Dumitru-Daniel"]
[Black "Kuchava, Ana"]
[WhiteFideId "1208403"]
[BlackFideId "13605348"]
[WhiteElo "2240"]
[BlackElo "2001"]
[Result "1-0"]
[Round "08"]
[TimeControl "180+2"]
[Date "2023.05.09"]
[WhiteClock "0:00:03"]
[BlackClock "0:00:03"]

1. e4 c5 2. b3 Nc6 3. Bb2 Nf6 4. d3 d6 5. f4 g6 6. Nf3 Bg7 7. Nbd2 O-O 8. Qe2 Rb8 9. h3 b5 10. g4 Nb4 11. Kd1 Bb7 12. a3 Nc6 13. Bg2 Qb6 14. Kc1 Rfc8 15. e5 dxe5 16. Nxe5 Nxe5 17. Bxe5 Ra8 18. Bxb7 Qxb7 19. Kb2 c4 20. dxc4 bxc4 21. Nxc4 a5 22. a4 Rab8 23. Rad1 Qa6 24. Rd4 Ne8 25. Bxg7 Nxg7 26. Ka2 Ne6 27. Rdd1 Qb7 28. f5 Nd4 29. Rxd4 Qxh1 30. fxg6 hxg6 31. Qxe7 Qxh3 32. Rf4 Rf8 33. Qg5 Qg2 34. Kb2 Qe2 35. Rd4 Qe6 36. Nd2 Ra8 37. Nc4 Rfc8 38. Rd6 Rab8 39. Rxe6 fxe6 40. Qxg6+ Kf8 41. Qf6+ Ke8 42. Qxe6+ Kd8 43. Nd6 Rc7 44. Qe8# 1-0


[Site "https://www.chess.com"]